 Dungeon Crawl Stone Soup version 0.29.0-15-g675c0067aa (webtiles) character file.

Game seed: 721069497743012686

6398 qw the Severer (level 10, -3/91 HPs)
             Began as a Minotaur Berserker on Sept 12, 2022.
             Was an Elder of Trog.
             Slain by a hornet (8 damage)
             ... on level 8 of the Dungeon.
             The game lasted 00:03:19 (10030 turns).

qw the Severer (Minotaur Berserker)                Turns: 10030, Time: 00:03:20

Health: -3/91      AC: 14    Str: 32    XL:     10   Next: 66%
Magic:  9/9        EV:  9    Int:  4    God:    Trog [****..]
Gold:   342        SH:  0    Dex: 10    Spells: 9/9 levels left

rFire   + . .      SeeInvis .   l - +0 war axe
rCold   + + .      Faith    .   (no shield)
rNeg    . . .      Spirit   .   d - +0 plate armour {rC+}
rPois   .          Reflect  .   (helmet restricted)
rElec   .          Harm     .   m - scarf {rC+ rF+}
rCorr   .          Rampage  .   (no gloves)
Will    .....                   c - +0 pair of boots
Stlth   ..........              (no amulet)
HPRegen 0.25/turn               f - +6 ring of strength
MPRegen 0.11/turn               (no ring)

@: about to teleport, on berserk cooldown, slowed, very slow
A: horns 2, retaliatory headbutt
a: Renounce Religion, Berserk, Trog's Hand, Brothers in Arms


You were on level 8 of the Dungeon.
You worshipped Trog.
Trog was greatly pleased with you.
You visited 1 branch of the dungeon, and saw 8 of its levels.

You collected 342 gold pieces.


Innate Abilities, Weirdness & Mutations

You have a pair of horns on your head.
You reflexively headbutt those who attack you in melee.


   Skills:
 - Level 9.0 Fighting
 + Level 15.8 Axes
 - Level 3.0 Throwing
 - Level 7.0 Armour
 - Level 3.0 Dodging


You had 9 spell levels left.
You didn't know any spells.
Your spell library was empty.

Inventory:

Hand Weapons
 e - a +2 flail
 l - a +0 war axe (weapon)
Missiles
 j - 4 boomerangs
 k - 4 javelins (quivered)
Armour
 c - a +0 pair of boots (worn)
 d - a +0 plate armour of cold resistance (worn)
 m - a scarf of resistance (worn)
 o - a +0 cloak
Jewellery
 f - a +6 ring of strength (left hand)
Scrolls
 i - a scroll of identify
Potions
 b - 3 potions of curing
 g - 2 potions of resistance
 h - a potion of haste
 n - a potion of berserk rage {unknown}

Dungeon Overview and Level Annotations

Branches:
Dungeon (8/15)             Temple (0/1) D:6            Lair (0/5) D:8

Altars:
Qazlal
Xom

Shops:
D:7 :

Annotations:
D:5 1 runed translucent door
D:8 Grum


Message History

You swing at nothing.
Something hits you.
A centaur warrior comes into view.
It is wearing the ring "Abruun" {Fire rN+ Will+ rCorr}.
The centaur warrior shouts!
You slash the centaur warrior!
Your headbutt misses the centaur warrior.
The centaur warrior is moderately wounded.
Something completely misses you.
The centaur warrior hits you but does no damage.
The centaur warrior barely misses you. Something hits you!
The centaur warrior hits you but does no damage.
The centaur warrior kicks you but does no damage.
10027 ||| READING 2 scrolls of teleportation.
As you read the scroll of teleportation, it crumbles to dust.
You feel strangely unstable.
Something hits you. x2; The centaur warrior closely misses you.
The centaur warrior barely misses you. The centaur warrior hits you.
The centaur warrior kicks you.
You slash the centaur warrior!
You punch the centaur warrior, but do no damage.
The centaur warrior is heavily wounded.
You miss something. Something hits you but does no damage.
The centaur warrior hits you. The centaur warrior kicks you.
The centaur warrior hits you but does no damage.
The centaur warrior kicks you but does no damage.
You slash the centaur warrior! You headbutt the centaur warrior.
The centaur warrior is almost dead.
Your surroundings suddenly seem different.
A hornet comes into view.
Found a stone staircase leading up and a stone staircase leading down.
The hornet buzzes angrily.
Enter note:
Enter note:
Enter note:
10030 ||| READING scroll of teleportation.
As you read the scroll of teleportation, it crumbles to dust.
You feel strangely unstable. The hornet stings you!
You die...

# #..##.# ...
#..# ..
...#####
#......## #
##>......##
..#.........#
#...........#
#...........#
#.........#
#....@y...#
#.........#
#.........#
#<........#
#.........#
#.........#
##.......##
##.....##


You could see a hornet.

Vanquished Creatures
  A centaur warrior (D:8)
  A manticore (D:8)
  Maggie (D:6)
  Prince Ribbit (D:6)
  A hornet (D:7)
  Menkaure (D:4)
  3 wargs (D:8)
  2 acid dragons (D:8)
  A water moccasin (D:7)
  A black bear (D:4)
  2 orc warriors (D:7)
  2 sky beasts
  3 ogres
  3 wolves (D:8)
  A centaur (D:6)
  2 phantoms (D:4)
  2 kobold brigands (D:8)
  2 necrophages (D:6)
  6 bullfrogs
  3 scorpions
  5 wights
  A water moccasin skeleton (D:4)
  10 killer bees
  2 bullfrog zombies (D:4)
  11 orc priests
  3 hounds
  2 jellies
  A gnoll bouda (D:8)
  Jessica (D:3)
  An iguana (D:4)
  A scorpion zombie (D:4)
  Natasha (thrice) (D:4)
  8 orc wizards
  A hound skeleton (D:4)
  Robin (D:4)
  8 gnolls
  10 adders
  A white imp (D:8)
  2 ufetubi (D:5)
  An adder skeleton (D:4)
  An adder zombie (D:4)
  A worm (D:4)
  5 dart slugs
  28 orcs
  5 endoplasms
  5 giant cockroaches
  13 goblins
  15 hobgoblins
  5 jackals (D:1)
  11 quokkas
  4 ball pythons
  A bat (D:2)
  2 frilled lizards
  11 kobolds
  6 rats
225 creatures vanquished.

Vanquished Creatures (others)
  A plant (D:1)
  A withered plant (D:4)
2 creatures vanquished.

Grand Total: 227 creatures vanquished

Notes
Turn   | Place    | Note
-------+----------+-------------------------------------------
     0 | D:1      | qw the Minotaur Berserker began the quest for the Orb.
     0 | D:1      | Reached XP level 1. HP: 19/19 MP: 0/0
     0 | D:1      | 0 ||| qw: Version: 0.1-a-119-g272c26d
     0 | D:1      | 0 ||| qw: Game counter: 10935
     0 | D:1      | 0 ||| qw: Always use a shield: true
     0 | D:1      | 0 ||| qw: Do Orc after D:15 true
     0 | D:1      | 0 ||| qw: Do second Lair branch before Depths: true
     0 | D:1      | 0 ||| qw: Lair rune preference: random
     0 | D:1      | 0 ||| qw: Plans: Normal
     0 | D:1      | 0 ||| PLANNING D:1-11
     5 | D:1      | Found a faded altar of an unknown god.
    77 | D:1      | 77 ||| INVOKING Berserk.
    79 | D:1      | Reached skill level 4 in Axes
   433 | D:1      | 433 ||| Stepping ~*~*~tactically~*~*~ (stealth).
   439 | D:1      | Reached XP level 2. HP: 26/26 MP: 1/1
   456 | D:1      | 456 ||| Stepping ~*~*~tactically~*~*~ (stealth).
   483 | D:1      | 483 ||| Stepping ~*~*~tactically~*~*~ (stealth).
   484 | D:1      | 484 ||| Stepping ~*~*~tactically~*~*~ (stealth).
   518 | D:1      | 518 ||| Stepping ~*~*~tactically~*~*~ (hiding).
   623 | D:1      | 623 ||| Stepping ~*~*~tactically~*~*~ (stealth).
   806 | D:1      | Reached skill level 5 in Axes
   957 | D:1      | 957 ||| UPGRADING to +0 pair of boots.
   962 | D:1      | 962 ||| UPGRADING to scarf of resistance.
   967 | D:1      | 967 ||| READING scroll labelled GEROPNETE.
   968 | D:1      | 968 ||| READING scroll labelled USYAWUICABE.
   969 | D:1      | 969 ||| READING scroll labelled IDIYSO PORAUGA.
   972 | D:1      | 972 ||| READING 2 scrolls labelled YLIOTE MADI.
   973 | D:1      | 973 ||| READING scroll labelled BYEPO VUBASET LIV.
   974 | D:1      | 974 ||| READING scroll labelled LOHYEN ZISMIGI.
   975 | D:1      | 975 ||| DROPPING scroll of fear.
  1056 | D:2      | Reached XP level 3. HP: 31/31 MP: 2/2
  1081 | D:2      | Reached ** piety under Trog
  1298 | D:2      | 1298 ||| Stepping ~*~*~tactically~*~*~ (stealth).
  1300 | D:2      | 1300 ||| Stepping ~*~*~tactically~*~*~ (stealth).
  1304 | D:2      | 1304 ||| Stepping ~*~*~tactically~*~*~ (stealth).
  1305 | D:2      | 1305 ||| Stepping ~*~*~tactically~*~*~ (stealth).
  1307 | D:2      | 1307 ||| Stepping ~*~*~tactically~*~*~ (stealth).
  1308 | D:2      | 1308 ||| Stepping ~*~*~tactically~*~*~ (stealth).
  1309 | D:2      | 1309 ||| Stepping ~*~*~tactically~*~*~ (stealth).
  1311 | D:2      | 1311 ||| Stepping ~*~*~tactically~*~*~ (stealth).
  1312 | D:2      | 1312 ||| Stepping ~*~*~tactically~*~*~ (stealth).
  1313 | D:2      | 1313 ||| Stepping ~*~*~tactically~*~*~ (stealth).
  1324 | D:2      | 1324 ||| Stepping ~*~*~tactically~*~*~ (stealth).
  1329 | D:2      | 1329 ||| Stepping ~*~*~tactically~*~*~ (stealth).
  1332 | D:2      | 1332 ||| Stepping ~*~*~tactically~*~*~ (stealth).
  1359 | D:2      | Reached skill level 6 in Axes
  1359 | D:2      | Reached XP level 4. HP: 20/39 MP: 3/3
  1594 | D:2      | 1594 ||| Stepping ~*~*~tactically~*~*~ (stealth).
  1598 | D:2      | 1598 ||| Stepping ~*~*~tactically~*~*~ (stealth).
  1601 | D:2      | 1601 ||| Stepping ~*~*~tactically~*~*~ (stealth).
  2075 | D:2      | 2075 ||| Stepping ~*~*~tactically~*~*~ (stealth).
  2174 | D:2      | 2174 ||| READING 2 scrolls labelled PICRANOMYO.
  2175 | D:2      | 2175 ||| DRINKING 4 brown potions.
  2176 | D:2      | 2176 ||| DRINKING 2 blue potions.
  2177 | D:2      | 2177 ||| DRINKING 2 fizzy white potions.
  2208 | D:2      | 2208 ||| READING 2 scrolls of identify.
  2208 | D:2      | 2208 ||| IDENTIFYING dark potion
  2209 | D:2      | 2209 ||| DROPPING 3 potions of brilliance.
  2210 | D:2      | 2210 ||| DROPPING potion of ambrosia.
  2211 | D:2      | 2211 ||| DROPPING scroll of noise.
  2212 | D:2      | 2212 ||| DROPPING potion of lignification.
  2281 | D:3      | Identified the +7 whip of the Bespelling Firefly {vorpal,
                  | rC+}
  2283 | D:3      | 2283 ||| DROPPING +0 whip.
  2335 | D:3      | 2335 ||| Stepping ~*~*~tactically~*~*~ (stealth).
  2336 | D:3      | 2336 ||| Stepping ~*~*~tactically~*~*~ (hiding).
  2337 | D:3      | 2337 ||| Stepping ~*~*~tactically~*~*~ (hiding).
  2459 | D:3      | 2459 ||| Stepping ~*~*~tactically~*~*~ (hiding).
  2533 | D:3      | Noticed Jessica
  2534 | D:3      | 2534 ||| Stepping ~*~*~tactically~*~*~ (hiding).
  2536 | D:3      | 2536 ||| Stepping ~*~*~tactically~*~*~ (hiding).
  2537 | D:3      | 2537 ||| Stepping ~*~*~tactically~*~*~ (hiding).
  2543 | D:3      | Killed Jessica
  2671 | D:3      | Reached XP level 5. HP: 44/45 MP: 4/4
  2672 | D:3      | 2672 ||| Stepping ~*~*~tactically~*~*~ (stealth).
  2681 | D:3      | Identified the +2 robe of a treasure trove {Will++}
  2769 | D:3      | Reached skill level 7 in Axes
  3067 | D:3      | 3067 ||| UPGRADING to +2 robe of a treasure trove {Will++}.
  3077 | D:3      | 3077 ||| DROPPING +0 animal skin.
  3078 | D:3      | 3078 ||| READING scroll labelled ISEKLO SORE.
  3079 | D:3      | 3079 ||| READING 2 scrolls labelled CICOF PEVAIT.
  3223 | D:3      | 3223 ||| READING scroll labelled TOXTYH SUSU.
  3224 | D:3      | 3224 ||| READING 3 scrolls of identify.
  3224 | D:3      | 3224 ||| IDENTIFYING fuming black potion
  3225 | D:3      | 3225 ||| READING 2 scrolls of identify.
  3225 | D:3      | 3225 ||| IDENTIFYING grey potion
  3226 | D:3      | 3226 ||| DROPPING scroll of torment.
  3227 | D:3      | 3227 ||| DROPPING potion of attraction.
  3245 | D:4      | Noticed Menkaure
  3248 | D:4      | 3248 ||| INVOKING Berserk.
  3250 | D:4      | Killed Menkaure
  3251 | D:4      | Reached XP level 6. HP: 56/56 MP: 5/5
  3395 | D:4      | 3395 ||| Stepping ~*~*~tactically~*~*~ (stealth).
  3397 | D:4      | 3397 ||| Stepping ~*~*~tactically~*~*~ (stealth).
  3398 | D:4      | Noticed Robin
  3399 | D:4      | 3399 ||| Stepping ~*~*~tactically~*~*~ (hiding).
  3410 | D:4      | 3410 ||| INVOKING Berserk.
  3416 | D:4      | Killed Robin
  3416 | D:4      | Reached *** piety under Trog
  3434 | D:4      | Reached skill level 8 in Axes
  3514 | D:4      | 3514 ||| Stepping ~*~*~tactically~*~*~ (stealth).
  3517 | D:4      | Noticed Natasha
  3522 | D:4      | 3522 ||| INVOKING Berserk.
  3525 | D:4      | Killed Natasha
  3534 | D:4      | Reached XP level 7. HP: 61/61 MP: 6/6
  3550 | D:4      | Noticed Natasha
  3552 | D:4      | 3552 ||| Stepping ~*~*~tactically~*~*~ (hiding).
  3564 | D:4      | Killed Natasha
  3640 | D:4      | 3640 ||| Stepping ~*~*~tactically~*~*~ (stealth).
  3652 | D:4      | Reached skill level 9 in Axes
  3716 | D:4      | Found a shimmering altar of Xom.
  3721 | D:4      | 3721 ||| Stepping ~*~*~tactically~*~*~ (hiding).
  3724 | D:4      | 3724 ||| Stepping ~*~*~tactically~*~*~ (hiding).
  3885 | D:4      | 3885 ||| INVOKING Berserk.
  4067 | D:4      | Noticed Natasha
  4068 | D:4      | 4068 ||| Stepping ~*~*~tactically~*~*~ (stealth).
  4182 | D:4      | 4182 ||| Stepping ~*~*~tactically~*~*~ (stealth).
  4198 | D:4      | Reached skill level 10 in Axes
  4256 | D:4      | 4256 ||| FLEEEEING.
  4258 | D:4      | 4258 ||| FLEEEEING.
  4259 | D:4      | 4259 ||| FLEEEEING.
  4269 | D:4      | 4269 ||| Stepping ~*~*~tactically~*~*~ (stealth).
  4311 | D:4      | 4311 ||| Stepping ~*~*~tactically~*~*~ (stealth).
  4325 | D:4      | Reached skill level 6 in Fighting
  4412 | D:4      | 4412 ||| Stepping ~*~*~tactically~*~*~ (stealth).
  4415 | D:4      | 4415 ||| INVOKING Berserk.
  4417 | D:4      | Killed Natasha
  4480 | D:4      | 4480 ||| INVOKING Berserk.
  4485 | D:4      | Reached XP level 8. HP: 70/70 MP: 7/7
  4642 | D:4      | Found a stormy altar of Qazlal.
  4658 | D:4      | 4658 ||| Stepping ~*~*~tactically~*~*~ (hiding).
  4774 | D:4      | 4774 ||| DROPPING orb of energy.
  4775 | D:4      | 4775 ||| UPGRADING to +0 chain mail.
  4785 | D:4      | 4785 ||| DROPPING +2 robe of a treasure trove {Will++}.
  4786 | D:4      | 4786 ||| UPGRADING to +6 ring of strength.
  4787 | D:4      | 4787 ||| READING scroll labelled VOIHAU GIKI.
  4788 | D:4      | 4788 ||| READING 3 scrolls of identify.
  4788 | D:4      | 4788 ||| IDENTIFYING puce potion
  4811 | D:5      | Entered Level 5 of the Dungeon
  4828 | D:5      | Reached skill level 3 in Armour
  4927 | D:5      | 4927 ||| Stepping ~*~*~tactically~*~*~ (stealth).
  5022 | D:5      | 5022 ||| INVOKING Berserk.
  5154 | D:5      | 5154 ||| INVOKING Berserk.
  5157 | D:5      | Reached skill level 11 in Axes
  5464 | D:5      | Found a runed translucent door.
  5639 | D:5      | Reached **** piety under Trog
  5748 | D:5      | 5748 ||| READING scroll labelled GOBUNNAXOM.
  5749 | D:5      | 5749 ||| READING 2 scrolls of identify.
  5749 | D:5      | 5749 ||| IDENTIFYING viscous inky potion
  5750 | D:5      | 5750 ||| Stepping randomly (stuck).
  5751 | D:5      | 5751 ||| Stepping ~*~*~tactically~*~*~ (cloud).
  5852 | D:6      | Noticed Prince Ribbit
  5854 | D:6      | 5854 ||| STAIRDANCE
  5946 | D:6      | 5946 ||| STAIRDANCE
  5952 | D:5      | 5952 ||| INVOKING Berserk.
  6207 | D:6      | 6207 ||| INVOKING Berserk.
  6215 | D:6      | Killed Prince Ribbit
  6216 | D:6      | Reached skill level 12 in Axes
  6235 | D:6      | 6235 ||| STAIRDANCE
  6384 | D:6      | Noticed Maggie
  6385 | D:6      | 6385 ||| Stepping ~*~*~tactically~*~*~ (hiding).
  6396 | D:6      | Killed Maggie
  6431 | D:6      | 6431 ||| Stepping ~*~*~tactically~*~*~ (hiding).
  6434 | D:6      | 6434 ||| INVOKING Berserk.
  6439 | D:6      | Reached XP level 9. HP: 80/80 MP: 8/8
  6640 | D:6      | 6640 ||| DROPPING +7 whip of the Bespelling Firefly
                  | {vorpal, rC+}.
  6641 | D:6      | 6641 ||| DROPPING +0 flail.
  6701 | D:6      | Reached skill level 13 in Axes
  6765 | D:6      | 6765 ||| DROPPING +1 flail of holy wrath.
  6823 | D:6      | 6823 ||| Stepping ~*~*~tactically~*~*~ (hiding).
  6828 | D:6      | 6828 ||| Stepping ~*~*~tactically~*~*~ (hiding).
  6838 | D:6      | 6838 ||| INVOKING Berserk.
  6991 | D:6      | 6991 ||| SWAPPING to +0 war axe.
  6992 | D:6      | 6992 ||| DROPPING +0 hand axe.
  7151 | D:6      | Found a staircase to the Ecumenical Temple.
  7245 | D:6      | 7245 ||| READING 2 scrolls of identify.
  7245 | D:6      | 7245 ||| IDENTIFYING smoky black potion
  7246 | D:6      | 7246 ||| DROPPING potion of magic.
  7324 | D:7      | 7324 ||| INVOKING Berserk.
  7332 | D:7      | Reached skill level 3 in Dodging
  7355 | D:7      | 7355 ||| FLEEEEING.
  7357 | D:7      | 7357 ||| FLEEEEING.
  7358 | D:7      | 7358 ||| STAIRDANCE
  7466 | D:7      | 7466 ||| STAIRDANCE
  7600 | D:7      | 7600 ||| INVOKING Berserk.
  7613 | D:7      | 7613 ||| Stepping ~*~*~tactically~*~*~ (stealth).
  7619 | D:7      | Paralysed by a hornet for 3 turns
  7623 | D:7      | Paralysed by a hornet for 1 turns
  7625 | D:7      | Reached skill level 14 in Axes
  7625 | D:7      | HP: 20/81 [poisoned by a hornet]
  7628 | D:7      | HP: 8/81 [poisoned by a hornet]
  7631 | D:7      | HP: 3/81 [poisoned by a hornet]
  7974 | D:7      | Found Wailetsa's Book Emporium.
  8150 | D:7      | 8150 ||| Stepping ~*~*~tactically~*~*~ (hiding).
  8155 | D:7      | 8155 ||| INVOKING Berserk.
  8183 | D:7      | 8183 ||| FLEEEEING.
  8369 | D:7      | 8369 ||| INVOKING Berserk.
  8882 | D:7      | Reached XP level 10. HP: 55/88 MP: 9/9
  9086 | D:7      | 9086 ||| UPGRADING to +0 plate armour of cold resistance.
  9096 | D:7      | 9096 ||| DROPPING +0 chain mail.
  9124 | D:8      | 9124 ||| Stepping ~*~*~tactically~*~*~ (stealth).
  9136 | D:8      | Reached skill level 6 in Armour
  9141 | D:8      | 9141 ||| INVOKING Berserk.
  9161 | D:8      | Reached skill level 15 in Axes
  9163 | D:8      | HP: 33/132 [acid dragon (3)]
  9164 | D:8      | HP: 15/88 [gnoll/+0 halberd[a gnoll bouda] (7)]
  9165 | D:8      | 9165 ||| READING 3 scrolls of teleportation.
  9165 | D:8      | HP: 6/88 [warg (7)]
  9166 | D:8      | 9166 ||| DRINKING potion of heal wounds.
  9183 | D:8      | 9183 ||| Stepping ~*~*~tactically~*~*~ (stealth).
  9192 | D:8      | 9192 ||| Stepping ~*~*~tactically~*~*~ (stealth).
  9213 | D:8      | 9213 ||| Stepping ~*~*~tactically~*~*~ (stealth).
  9219 | D:8      | 9219 ||| Stepping ~*~*~tactically~*~*~ (stealth).
  9242 | D:8      | 9242 ||| Stepping ~*~*~tactically~*~*~ (stealth).
  9246 | D:8      | 9246 ||| Stepping ~*~*~tactically~*~*~ (stealth).
  9249 | D:8      | 9249 ||| INVOKING Berserk.
  9266 | D:8      | 9266 ||| Stepping ~*~*~tactically~*~*~ (stealth).
  9267 | D:8      | 9267 ||| Stepping ~*~*~tactically~*~*~ (stealth).
  9417 | D:8      | 9417 ||| INVOKING Berserk.
  9419 | D:8      | Reached skill level 9 in Fighting
  9469 | D:8      | 9469 ||| Stepping ~*~*~tactically~*~*~ (stealth).
  9478 | D:8      | 9478 ||| Stepping ~*~*~tactically~*~*~ (stealth).
  9479 | D:8      | 9479 ||| Stepping ~*~*~tactically~*~*~ (hiding).
  9481 | D:8      | 9481 ||| Stepping ~*~*~tactically~*~*~ (stealth).
  9482 | D:8      | 9482 ||| Stepping ~*~*~tactically~*~*~ (hiding).
  9490 | D:8      | 9490 ||| Stepping ~*~*~tactically~*~*~ (stealth).
  9520 | D:8      | Noticed Grum
  9521 | D:8      | 9521 ||| Stepping ~*~*~tactically~*~*~ (stealth).
  9627 | D:8      | 9627 ||| Stepping ~*~*~tactically~*~*~ (stealth).
  9675 | D:8      | 9675 ||| Stepping ~*~*~tactically~*~*~ (hiding).
  9825 | D:8      | Reached skill level 1 in Throwing
  9826 | D:8      | 9826 ||| FLEEEEING.
  9827 | D:8      | 9827 ||| FLEEEEING.
  9828 | D:8      | 9828 ||| FLEEEEING.
  9829 | D:8      | 9829 ||| FLEEEEING.
  9830 | D:8      | 9830 ||| FLEEEEING.
  9892 | D:8      | Found a staircase to the Lair.
  9929 | D:8      | 9929 ||| Stepping ~*~*~tactically~*~*~ (hiding).
  9976 | D:8      | Identified the +6 hand axe "Demig" {venom, rN+ Str+4}
  9978 | D:8      | 9978 ||| DROPPING +6 hand axe "Demig" {venom, rN+ Str+4}.
  9988 | D:8      | Noticed a manticore
  9988 | D:8      | Noticed a centaur warrior
  9989 | D:8      | 9989 ||| Stepping ~*~*~tactically~*~*~ (hiding).
  9994 | D:8      | 9994 ||| INVOKING Berserk.
  9995 | D:8      | Killed a manticore
  9996 | D:8      | Reached skill level 3 in Throwing
 10001 | D:8      | Killed a centaur warrior
 10025 | D:8      | Identified the ring "Abruun" {Fire rN+ Will+ rCorr}
 10025 | D:8      | Noticed a centaur warrior
 10026 | D:8      | HP: 17/91 [something (8)]
 10027 | D:8      | 10027 ||| READING 2 scrolls of teleportation.
 10028 | D:8      | HP: 8/91 [centaur warrior (1)]
 10030 | D:8      | 10030 ||| READING scroll of teleportation.
 10030 | D:8      | Slain by a hornet

Levels and vault maps discovered:
D:1:      eino_arrival_water_cross, layout_basic, basic_ecumenical_altar,
          corexii_corridor_pit
D:2:      layout_loops_cross, st_stairs_6, minmay_goblin_kobold_house,
          uniq_crazy_yiuf_cottage
D:3:      layout_loops_ring, uniq_jessica
D:4:      layout_rooms, mainiacjoe_overflow_paths, marbit_many_paths,
          serial_undead, serial_undead_a, serial_undead_a, serial_undead_a,
          serial_undead_e, minmay_crystal_room, uniq_natasha, uniq_menkaure,
          uniq_robin
D:5:      layout_loops_ring, lightli_church_of_beogh
D:6:      layout_rooms, lemuel_temple_firewalk_b, uniq_prince_ribbit1,
          uniq_maggie
D:7:      layout_basic, serial_shops, nicolae_square_shop,
          dreamdust_wishing_well, eino_jars
D:8:      minmay_the_grid_triangle_9x9_rhombus_thin
          [minmay_the_grid_triangle_9x9_stretched_checkered,
          minmay_the_grid_triangle_9x9_prize_special,
          minmay_the_grid_triangle_9x9_alien,
          minmay_the_grid_triangle_9x9_swiss_cheese], layout_rooms,
          erik_lair_orcish_takeover, uniq_grum

Skill      XL: |  1  2  3  4  5  6  7  8  9 10 |
---------------+-------------------------------+-----
Axes           | 4 5 6 7 8 10 12 14 15 | 15.8
Fighting       | 5 6 7 8 9 |  9.0
Armour         | 4 5 7 |  7.0
Dodging        | 3 |  3.0
Throwing       | 3 |  3.0

Action                   |  1- 3 |  4- 6 |  7- 9 | 10-12 || total
-------------------------+-------+-------+-------+-------++-------
Melee: Hand axe          |    74 |   111 |   194 |       ||   379
       Headbutt          |     9 |    17 |    42 |    15 ||    83
       Punch             |     1 |     2 |     2 |     2 ||     7
       War axe           |       |       |    55 |    95 ||   150
Throw: Javelin           |       |       |       |     6 ||     6
Invok: Berserk           |     1 |     3 |    13 |     4 ||    21
  Use: Scroll            |     6 |     7 |     5 |     3 ||    21
       Potion            |       |     3 |       |     1 ||     4
Armor: Animal skin       |    10 |     7 |       |       ||    17
       Robe              |       |    14 |    12 |       ||    26
       Chain mail        |       |       |    44 |       ||    44
       Plate armour      |       |       |       |    69 ||    69
Dodge: Dodged            |    39 |    58 |   111 |    54 ||   262

Table legend:
 A = Non-vault XP
 B = Vault XP
 C = Vault XP percentage of total XP
 D = Non-vault monster count
 E = Vault monster count
 F = Vault count percentage of total count
                 A         B        C        D         E       F
            +---------+---------+-------+---------+---------+-------
      Total |    4410 |    4730 |  51.8 |     161 |      64 |  28.4
            +---------+---------+-------+---------+---------+-------
        D:1 |      37 |       0 |   0.0 |      20 |       0 |   0.0
        D:2 |      71 |      24 |  25.3 |      16 |       6 |  27.3
        D:3 |      49 |      37 |  43.0 |      19 |       1 |   5.0
        D:4 |     536 |     694 |  56.4 |      26 |      25 |  49.0
        D:5 |     580 |       0 |   0.0 |      18 |       0 |   0.0
        D:6 |     968 |     656 |  40.4 |      18 |       2 |  10.0
        D:7 |    1556 |     377 |  19.5 |      24 |       6 |  20.0
        D:8 |     613 |    2942 |  82.8 |      20 |      24 |  54.5
            +---------+---------+-------+---------+---------+-------
